 Dungeon Crawl Stone Soup version 0.20-a0-785-g17250f0 (webtiles) character file.

1848 nono the Warmonger (level 9, 0/47 HPs)
             Began as a Vine Stalker Hunter on Feb 27, 2017.
             Was an Elder of Okawaru.
             Slain by a two-headed ogre
             ... wielding a +0 giant club
              (15 damage)
             ... on level 7 of the Dungeon.
             The game lasted 00:13:40 (2217 turns).

nono the Warmonger (Vine Stalker Hunter)            Turns: 2217, Time: 00:13:41

Health: 0/47       AC:  3    Str: 17    XL:     9   Next: 12%
Magic:  0/22       EV: 14    Int: 11    God:    Okawaru [****..]
Gold:   188        SH:  9    Dex: 16    Spells: 8/8 levels left

rFire    . . .     SeeInvis .   B - +1 dagger (venom)
rCold    . . .     Gourm    .   b - +0 leather armour
rNeg     . . .     Faith    .   y - +0 shield
rPois    .         Spirit   +   (no helmet)
rElec    .         Reflect  .   (no cloak)
rCorr    .         Harm     .   (no gloves)
MR       +....                  (no boots)
Stlth    ++........             (no amulet)
Regen    0.6/turn               r - ring of magical power
MPRegen  0.2/turn               t - +4 ring of evasion

@: no status effects
A: fangs 3, regeneration 1, magic shield, antimagic bite, no potion heal 3, rot
immunity
a: Heroism, Renounce Religion


You were on level 7 of the Dungeon.
You worshipped Okawaru.
Okawaru was greatly pleased with you.
You were very hungry.

You visited 2 branches of the dungeon, and saw 9 of its levels.

You collected 318 gold pieces.
You spent 130 gold pieces at shops.

Inventory:

Hand Weapons
 a - a +0 short sword
 j - a +0 rapier
 v - a +3 short sword
 B - a +1 dagger of venom (weapon)
Missiles
 c - 12 javelins (quivered)
Armour
 b - a +0 leather armour (worn)
 l - a +0 scale mail
 w - a +0 chain mail
 y - a +0 shield (worn)
Jewellery
 m - an uncursed ring of protection from magic
 r - a ring of magical power (right hand)
 t - a +4 ring of evasion (left hand)
Wands
 C - a wand of lightning (4/15)
Scrolls
 d - a scroll of recharging {unknown}
 e - 2 scrolls of amnesia {unknown}
 g - 6 scrolls of identify {unknown}
 p - a scroll of magic mapping {unknown}
 q - a scroll of random uselessness {unknown}
 u - 2 scrolls of remove curse {unknown}
 x - a scroll of blinking {unknown}
Potions
 n - a potion of curing {unknown}
 o - a potion of brilliance {unknown}
 s - a potion of mutation {unknown}
 z - a potion of degeneration {unknown}
 D - a potion of might {unknown}
Books
 E - a book of Minor Magic

   Spells                             Type                      Level
   a - Magic Dart                     Conjuration                  1
   b - Blink                          Translocation                2
   c - Call Imp                       Summoning                    2
   d - Slow                           Hexes                        2
   e - Conjure Flame                  Conjuration/Fire             3
   f - Mephitic Cloud                 Conjuration/Poison/Air       3
Comestibles
 f - 3 bread rations
 h - 3 royal jellies
 k - 2 meat rations


   Skills:
 - Level 5.0 Fighting
 - Level 4.6 Short Blades
 - Level 3.6 Throwing
 + Level 3.9 Armour
 - Level 1.5 Dodging
 - Level 1.2 Stealth
 + Level 4.3 Shields
 - Level 5.1 Invocations


You had 8 spell levels left.
You didn't know any spells.

Dungeon Overview and Level Annotations

Branches:
Dungeon (8/15)             Temple (1/1) D:4
   Lair: D:8-11

Altars:
Cheibriados
Dithmenos
Elyvilon
Fedhas
Gozag
Hepliaklqana
Makhleb
Nemelex Xobeh
Okawaru
Qazlal
Sif Muna
Vehumet
Wu Jian
Xom
Yredelemnul
Zin
The Shining One

Shops:
D:5 (   D:6 **%[


Innate Abilities, Weirdness & Mutations

You have razor-sharp teeth.
Your natural rate of healing is unusually fast.
When hurt, damage is shared between your health and your magic reserves.
Your bite disrupts and absorbs the magic of your enemies.
Potions cannot restore your health.
You are immune to rotting.


Message History

The two-headed ogre closely misses you. The two-headed ogre misses you.
Evoke which item? (* to show all) (? for menu, Esc to quit)
Aiming: Lightning Bolt (will waste charges)
Press: ? - help, Shift-Dir - straight line, f/p - two-headed ogre
Aim: a two-headed ogre, wielding a giant club and a giant spiked club (severely wounded, poisoned)
You hear a mighty clap of thunder!
The bolt of lightning hits the two-headed ogre.
The two-headed ogre is severely wounded.
Evoking this partially-identified wand wasted a few charges.
You block the two-headed ogre's attack. The two-headed ogre closely misses you.
You hit the two-headed ogre.
The two-headed ogre looks as sick as possible!
You bite the two-headed ogre, but do no damage.
The two-headed ogre is severely wounded.
You hit the two-headed ogre but do no damage.
The two-headed ogre looks as sick as possible!
The two-headed ogre is severely wounded.
The two-headed ogre hits you with a giant club!
The two-headed ogre hits you with a giant spiked club!!
You die...

......#.............#............
....................#.......(....
...#.#..............#............
................#...#......#.....
...........................#.....
....................#.....##...##
...........................#...#
..#.............O.....##....#.##
..........#+##..@.............
..#........ #.................
..#......... #.###.............
..#.##.......#.. ..............
.......#....##########........
#..<####... ...... ###........
###### ##......... ...........


You could see a two-headed ogre.

Vanquished Creatures
  A two-headed ogre (D:7)
  A sky beast (D:7)
  A centaur (D:6)
  A big kobold (D:6)
  2 bullfrogs (D:6)
  2 bullfrog zombies
  A centaur zombie (D:6)
  11 orc wizards
  2 hounds
  2 jellies
  3 orc priests
  An iguana (D:5)
  5 worker ants
  A hound zombie (D:5)
  An adder (D:3)
  An adder skeleton (D:6)
  A dart slug (D:3)
  2 leopard geckos
  26 orcs
  A giant cockroach (D:3)
  5 goblins
  7 hobgoblins
  7 kobolds
  3 quokkas
  A ball python (D:1)
  A bat (D:1)
  2 frilled lizards
  A quokka zombie (D:5)
93 creatures vanquished.

Vanquished Creatures (others)
  An orc wizard (D:6)
1 creature vanquished.

Grand Total: 94 creatures vanquished

Notes
Turn   | Place    | Note
-------+----------+-------------------------------------------
     0 | D:1      | nono the Vine Stalker Hunter began the quest for the Orb.
     0 | D:1      | Reached XP level 1. HP: 11/11 MP: 2/2
   224 | D:2      | Reached XP level 2. HP: 10/15 MP: 3/3
   229 | D:2      | Found a deep blue altar of Sif Muna.
   301 | D:2      | Reached skill level 1 in Short Blades
   408 | D:3      | Reached XP level 3. HP: 9/19 MP: 1/4
   420 | D:3      | Gained mutation: Your natural rate of healing is unusually fast. [Vine Stalker growth]
   420 | D:3      | Reached XP level 4. HP: 1/23 MP: 0/5
   485 | D:3      | Found a white marble altar of Elyvilon.
   758 | D:4      | Found a staircase to the Ecumenical Temple.
   764 | Temple   | Entered the Ecumenical Temple
   826 | Temple   | Became a worshipper of Warmaster Okawaru
  1014 | D:4      | Reached XP level 5. HP: 17/28 MP: 3/6
  1050 | D:5      | Entered Level 5 of the Dungeon
  1050 | D:5      | Found Zuibiany's Weapon Boutique.
  1169 | D:5      | Reached * piety under Okawaru
  1169 | D:5      | Reached XP level 6. HP: 28/33 MP: 7/7
  1491 | D:6      | Reached XP level 7. HP: 35/38 MP: 8/8
  1532 | D:6      | Reached ** piety under Okawaru
  1532 | D:6      | Reached skill level 5 in Fighting
  1656 | D:6      | Found Usotatec's Antique Armour Shoppe.
  1664 | D:6      | Bought a shield for 130 gold pieces
  1690 | D:6      | Reached skill level 1 in Shields
  1694 | D:6      | Reached skill level 1 in Armour
  1724 | D:6      | Reached skill level 1 in Invocations
  1775 | D:6      | Found Qaptecri's Assorted Antiques.
  1808 | D:6      | Found Yjenewk's Food Emporium.
  1824 | D:6      | Found Daiclito's Assorted Antiques.
  1853 | D:6      | Gained mutation: You have razor-sharp teeth. [Vine Stalker growth]
  1853 | D:6      | Reached XP level 8. HP: 43/43 MP: 11/11
  1870 | D:6      | Found a glowing golden altar of the Shining One.
  1950 | D:6      | Reached *** piety under Okawaru
  2051 | D:7      | Reached skill level 5 in Invocations
  2100 | D:8      | Noticed a two-headed ogre
  2100 | D:8      | Noticed a two-headed ogre
  2114 | D:7      | Killed a two-headed ogre
  2114 | D:7      | Reached **** piety under Okawaru
  2114 | D:7      | Reached XP level 9. HP: 46/47 MP: 13/13
  2217 | D:7      | Slain by a two-headed ogre

Vault maps used:
D:1:      ncdulo_watergridlock, minmay_misc_feat_cross
D:2:      lemuel_doored_altar, gammafunk_temple_overflow_statue,
          nicolae_qazlal_style_of_elements
D:3:      lemuel_crystal_altar, first_bread
D:4:      minmay_temple_entry_enclosed_plants, bh_walls_and_bars, uniq_pikel,
          uniq_menkaure
D:5:      kiku_gazebo_pond_becter, serial_shops, nicolae_shop_stone
D:6:      kennysheep_little_box, serial_shops, kennysheep_mini_moat, shop,
          nicolae_shop_window_shopping, shop,
          minmay_a_box_with_orc_wizards_in_it
D:7:      uniq_crazy_yiuf_cottage
D:8:      serial_shops, shop, basic_altar, serial_bayou, serial_bayou_ford_a,
          serial_bayou_pond_c, serial_bayou_lagoon_a, serial_bayou_pond_a,
          hangedman_ranch, minmay_misc_feat_doors, uniq_erica
Temple:   nicolae_temple_elliptical

Skill      XL: |  1  2  3  4  5  6  7  8 |
---------------+-------------------------+-----
Fighting       | 2 3 4 5 |  5.0
Short Blades   | 1 2 3 4 |  4.6
Shields        | 1 4 |  4.3
Armour         | 1 3 |  3.9
Invocations    | 3 5 |  5.1
Throwing       | |  3.6
Dodging        | |  1.5
Stealth        | |  1.2

Action                   |  1- 3 |  4- 6 |  7- 9 || total
-------------------------+-------+-------+-------++-------
Melee: Short sword       |    28 |   245 |    80 ||   353
       Bite              |     6 |    90 |    77 ||   173
       Dagger            |       |       |   121 ||   121
Throw: Javelin           |    17 |     8 |       ||    25
       Throwing net      |     2 |     3 |     2 ||     7
Invok: Heroism           |       |       |     1 ||     1
Evoke: Wand              |       |       |     2 ||     2
 Stab: Sleeping          |     1 |       |       ||     1
       Held in net/web   |     2 |       |     3 ||     5
  Eat: Chunk             |       |     2 |     2 ||     4
Armor: Leather armour    |     6 |     5 |       ||    11
       Scale mail        |       |    63 |    70 ||   133
Dodge: Dodged            |    25 |   143 |    99 ||   267
Block: Shield            |       |       |    67 ||    67
